 Dungeon Crawl Stone Soup version 0.18-a0-946-g3ac5b32 (webtiles) character file.

196 filipzpl the Magician (level 5, -9/28 HPs)
             Began as a Deep Elf Wizard on Dec 28, 2015.
             Mangled by Crazy Yiuf
             ... wielding a +2 quarterstaff of chaos
              (16 damage)
             ... on level 4 of the Dungeon on Dec 29, 2015.
             The game lasted 00:10:12 (3398 turns).

filipzpl the Magician (Deep Elf Wizard)             Turns: 3398, Time: 00:10:13

Health: -9/28      AC:  2    Str:  4    XL:     5   Next: 46%
Magic:  19/25      EV: 12    Int: 24    God:
Gold:   169        SH:  3    Dex: 13    Spells: 1 memorised, 17 levels left

rFire  . . .     SeeInvis .     (no weapon)
rCold  . . .     Gourm    .     a - +0 robe
rNeg   . . .     Faith    .     s - +0 buckler
rPois  .         Spirit   .     b - +0 hat
rElec  .         Dismiss  .     (no cloak)
rCorr  .         Reflect  .     (no gloves)
SustAt .         Harm     .     (no boots)
MR     .....                    (no amulet)
Stlth  ++........               (no ring)
                                p - ring of magical power

@: not resistant to hostile enchantments, unstealthy
A: no striking features
a: no special abilities


You were on level 4 of the Dungeon.
You were not hungry.

You visited 1 branch of the dungeon, and saw 4 of its levels.

You collected 169 gold pieces.

Inventory:

Armour
 a - a +0 robe (worn)
 b - a +0 hat (worn)
 s - a +0 buckler (worn)
Jewellery
 p - a ring of magical power (left hand)
Wands
 r - a wand of polymorph (9/24)
Scrolls
 e - a scroll of magic mapping
 i - a scroll of remove curse {unknown}
 q - a scroll of blinking {unknown}
 t - a scroll of enchant weapon {unknown}
Potions
 f - a potion of flight {unknown}
 j - a potion of agility {unknown}
 k - a potion of might {unknown}
 l - 3 potions of degeneration {unknown}
 m - 3 potions of poison {unknown}
 n - a potion of mutation {unknown}
 o - a potion of magic {unknown}
Books
 c - a book of Minor Magic

   Spells                             Type                      Level
   a - Magic Dart                     Conjuration                  1
   b - Blink                          Translocation                2
   c - Call Imp                       Summoning                    2
   d - Repel Missiles                 Charms/Air                   2
   e - Slow                           Hexes                        2
   f - Conjure Flame                  Conjuration/Fire             3
   g - Mephitic Cloud                 Conjuration/Poison/Air       3
Comestibles
 d - 2 bread rations
 g - 3 meat rations
 h - a beef jerky


   Skills:
 - Level 2.4 Dodging
 - Level 2.4 Stealth
 * Level 7.2 Spellcasting
 + Level 3.6 Conjurations
   Level 1.1 Summonings
   Level 1.1 Translocations


You had 17 spell levels left.
You knew the following spells:

 Your Spells              Type           Power        Failure   Level  Hunger
a - Magic Dart            Conj           ####         3%          1    None


Dungeon Overview and Level Annotations

Branches:
Dungeon (4/15)
 Temple: D:4-7

Altars:
Nemelex Xobeh
Yredelemnul

Annotations:
D:4 Crazy Yiuf


Message History

Aiming: Magic Dart
Press: ? - help, Shift-Dir - straight line, f/p - Crazy Yiuf
Aim: Crazy Yiuf, wielding a quarterstaff of chaos and wearing a glowing cloak (almost dead)
The magic dart hits Crazy Yiuf.
Crazy Yiuf is almost dead.
Crazy Yiuf says, "Adder turtle meccalolo!"
Crazy Yiuf hits you with a quarterstaff of chaos!
Ouch! That really hurt!
Crazy Yiuf burns you!
* * * LOW HITPOINT WARNING * * *
Casting: Magic Dart
Confirm with . or Enter, or press ? or * to list all spells.
Aiming: Magic Dart
Press: ? - help, Shift-Dir - straight line, f/p - Crazy Yiuf
Aim: Crazy Yiuf, wielding a quarterstaff of chaos and wearing a glowing cloak (almost dead)
The magic dart hits Crazy Yiuf.
Crazy Yiuf is almost dead.
Crazy Yiuf hits you with a quarterstaff of chaos!
Ouch! That really hurt!
You die...

#.#...#.# #.#...#.#
#.#...#.# ........#
...#....## ...#.....#
.........###♣♣♣♣♣
...#...[.#....♣.♣♣♣
...##...#......♣@g♣
.......<......♣♣♣♣.....#
#####.###....♣♣ #..)#
##.# ####♣♣ ###
####..### .......>###
........#.######
........#.#....#
#.......#.####.#


You could see Crazy Yiuf.

Vanquished Creatures
  2 hounds (D:4)
  Jessica (D:2)
  4 adders
  An ooze (D:4)
  3 worms
  3 giant geckos
  A ball python (D:1)
  8 bats
  A giant cockroach (D:2)
  8 hobgoblins
  8 jackals
  3 kobolds
  2 quokkas
  3 giant newts
  2 gnoll zombies (D:3)
  8 goblins
  4 rats
62 creatures vanquished.

Notes
Turn   | Place    | Note
--------------------------------------------------------------
     0 | D:1      | filipzpl the Deep Elf Wizard began the quest for the Orb.
     0 | D:1      | Reached XP level 1. HP: 10/10 MP: 7/7
   239 | D:1      | Reached XP level 2. HP: 4/15 MP: 4/9
   668 | D:1      | Reached skill level 5 in Spellcasting
  1327 | D:2      | Reached XP level 3. HP: 19/19 MP: 9/11
  1896 | D:2      | Noticed Jessica
  1928 | D:2      | Killed Jessica
  1928 | D:2      | Reached skill level 6 in Spellcasting
  1928 | D:2      | Reached XP level 4. HP: 11/24 MP: 10/14
  2999 | D:3      | Found a basalt altar of Yredelemnul.
  3077 | D:3      | Upgraded the game from 0.18-a0-943-g2c08dd4 to 0.18-a0-946-g3ac5b32
  3084 | D:4      | Reached XP level 5. HP: 28/28 MP: 16/16
  3167 | D:4      | Reached skill level 7 in Spellcasting
  3226 | D:4      | Found a sparkling altar of Nemelex Xobeh.
  3391 | D:4      | Noticed Crazy Yiuf
  3398 | D:4      | Mangled by Crazy Yiuf

Vault maps used:
D:1:      dpeg_arrival_boxorama
D:2:      minmay_unequal, uniq_jessica
D:3:      lemuel_zombie_altar_yredelemnul, serial_bayou_ford_a
D:4:      serial_shops, kennysheep_mini_moat, nemelex_diamond_rough_becter,
          uniq_crazy_yiuf_cottage

Action                   |  1- 3 |  4- 6 || total
-------------------------+-------+-------++-------
Melee: Unarmed           |     3 |       ||     3
 Cast: Magic Dart        |    85 |    84 ||   169
  Use: Scroll            |       |     4 ||     4
  Eat: Chunk             |     2 |     2 ||     4
       Royal jelly       |       |     1 ||     1
       Beef jerky        |       |     1 ||     1
